 Dungeon Crawl Stone Soup version 0.29-a0-1023-g6ae1a4a2c7 (webtiles) character file.

Game seed: 11091535189422316362

3553 runemasterragnar the Magician (level 9, -5/75 HPs)
             Began as a Purple Draconian Transmuter on Aug 11, 2022.
             Was a Priest of Vehumet.
             Shot with an arrow by a centaur (8 damage)
             ... on level 8 of the Dungeon.
             The game lasted 00:20:52 (8769 turns).

runemasterragnar the Magician (DrTm)                Turns: 8769, Time: 00:20:52

Health: -5/75      AC:  7    Str: 13    XL:     9   Next: 83%
Magic:  18/18      EV: 13    Int: 17    God:    Vehumet [***...]
Gold:   346        SH:  0    Dex: 12    Spells: 5/21 levels left

rFire   . . .      SeeInvis .     - Unarmed
rCold   . . .      Faith    .   (no shield)
rNeg    . . .      Spirit   .   (body armour unavailable)
rPois   .          Reflect  .   (helmet restricted)
rElec   .          Harm     .   (no cloak)
rCorr   .          Rampage  .   (no gloves)
Will    +....                   (no boots)
Stlth   +.........              (no amulet)
HPRegen 0.22/turn               (no ring)
MPRegen 0.16/turn               (no ring)

@: no status effects
A: breathe power, AC +7, unfitting armour, cold-blooded
a: Breathe Dispelling Energy, Renounce Religion


You were on level 8 of the Dungeon.
You worshipped Vehumet.
Vehumet was most pleased with you.
You visited 1 branch of the dungeon, and saw 8 of its levels.
You also visited: Sewer.

You collected 346 gold pieces.

Inventory:

Armour
 n - the +1 cloak of the Howling Gods {-Cast rPois rCorr}
   (You found it on level 2 of the Dungeon)

   rPois:     It protects you from poison.
   -Cast:     It prevents spellcasting.
   rCorr:     It protects you from acid and corrosion.
 q - an orb of wrath
Jewellery
 b - a +6 ring of intelligence
 g - a ring of magical power
Wands
 e - a wand of light (10)
 k - a wand of flame (7)
Scrolls
 a - 2 scrolls of vulnerability
 d - a scroll of teleportation
 h - a scroll of amnesia {unknown}
 r - a scroll of brand weapon
 t - a scroll of torment {unknown}
 u - a scroll of enchant weapon
Potions
 c - 4 potions of flight
 f - 2 potions of heal wounds {unknown}
 i - a potion of might
 j - 4 potions of curing
 l - 2 potions of mutation
 m - a potion of invisibility
 p - a potion of brilliance
 s - a potion of cancellation {unknown}


   Skills:
 + Level 6.1 Fighting
 + Level 5.4 Dodging
 + Level 6.3 Unarmed Combat
 + Level 6.6 Spellcasting
 - Level 5.0 Translocations
 + Level 5.8 Transmutations
 + Level 3.4 Air Magic


You had 5 spell levels left.
You knew the following spells:

 Your Spells              Type           Power      Damage    Failure   Level
a - Beastly Appendage     Tmut           50%        N/A       1%          1
b - Wereblood             Tmut           25%        N/A       1%          2
c - Spider Form           Tmut/Pois      15%        N/A       11%         3
d - Blink                 Tloc           44%        N/A       2%          2
e - Shock                 Conj/Air       44%        1d5       1%          1
f - Storm Form            Tmut/Air       10%        N/A       100%        7

Your spell library contained the following spells:

 Spells                   Type           Power      Damage    Failure   Level
 Inner Flame              Hex/Fire       5%         N/A       11%         3
 Apportation              Tloc           44%        N/A       1%          1
 Necrotise                Necr           20%        1d5       12%         1
 Summon Small Mammal      Summ           20%        N/A       12%         1
 Ice Form                 Ice/Tmut       15%        N/A       34%         4
 Manifold Assault         Tloc           22%        N/A       38%         5


Dungeon Overview and Level Annotations

Branches:
Dungeon (8/15)             Temple (0/1) D:5           Sewer (visited)
   Lair: D:8-11

Altars:
Ashenzari
Elyvilon
Fedhas
Gozag
Kikubaaqudgha
Makhleb
Okawaru
Trog
Uskayaw
Vehumet
Yredelemnul

Annotations:
D:3 2 transporters, 1 runed translucent door, drugrobin's ghost, weakling DgFi
D:4 1 runed translucent door, Crazy Yiuf


Innate Abilities, Weirdness & Mutations

You can breathe bolts of dispelling energy.
Your rich purple scales are hard. (AC +7)
You cannot fit into any form of body armour.
You are cold-blooded and may be slowed by cold attacks.


Message History

The kobold attacks as you move away! The kobold misses you.
You see here a +0 whip.
The kobold attacks as you move away! The kobold closely misses you.
Your transformation has ended.
The kobold attacks as you move away! The kobold hits you but does no damage.
You have got your breath back.
You see here a +0 club.
Things that are here:
a +0 mace; an orc skeleton Your primal bloodlust is almost over.
The kobold attacks as you move away! The kobold misses you.
Your primal bloodlust has ended.
A centaur comes into view.
The kobold throws a poisoned dart.
The poisoned dart hits you!
You are poisoned.
The centaur wields a +0 shortbow.
The centaur shoots an arrow.
The arrow hits you. The kobold attacks as you move away!
The kobold hits you but does no damage.
You feel very sick.
The centaur shoots an arrow.
The arrow barely misses you.
You feel sick.
The centaur shoots an arrow.
The arrow hits you.
* * * LOW HITPOINT WARNING * * *
The centaur shoots an arrow.
The arrow completely misses you.
You feel sick.
You feel sick.
The centaur shoots an arrow.
The arrow hits you!
* * * LOW HITPOINT WARNING * * *
The centaur shoots an arrow.
The arrow hits you.
* * * LOW HITPOINT WARNING * * *
Okay, then.
You feel better. The kobold barely misses you.
The centaur shoots an arrow.
The arrow misses you.
Okay, then.
Blink to where?
Press: ? - help, Dir - move target
As you read the scroll of blinking, it crumbles to dust.
The centaur shoots an arrow.
The arrow hits you!
* * * LOW HITPOINT WARNING * * *
There is a stone staircase leading up here.
The centaur shoots an arrow.
The arrow hits you!
You die...

### #................
..#. ##...............
....# #......c.........
#...##............K..) .
#..>..................
..#............K........
..........#.............
.#.......##...K.....)..
.#....@...#..##........
........................
............##.........>
.####....#...#........#.
#..#####...... .### #..
#..... #.. #.?. ......
.... ....# ...... ....
..# ...... .###


You could see a centaur.

Vanquished Creatures
  Sigmund (D:6)
  Eustachio (D:4)
  3 steam dragons
  A water moccasin (D:7)
  Pargi (D:4)
  An orc warrior (D:7)
  2 black bears
  4 ogres
  A centaur (D:8)
  7 kobold brigands
  3 bullfrogs
  A necrophage (D:8)
  2 scorpions
  4 wights (D:7)
  An electric eel (D:6)
  4 howler monkeys
  A quasit (D:7)
  6 hounds
  2 orc priests
  An iguana (D:7)
  7 orc wizards
  3 gnolls (D:7)
  8 adders
  A river rat (Sewer)
  A shadow imp (D:7)
  3 white imps
  3 ufetubi
  6 worms
  A dart slug (D:4)
  17 orcs
  7 endoplasms
  2 giant cockroaches
  6 hobgoblins
  4 jackals (D:5)
  18 kobolds
  3 quokkas
  10 ball pythons
  6 bats
  A frilled lizard (D:3)
  4 goblins
  A kobold skeleton (D:3)
  13 rats
172 creatures vanquished.

Vanquished Creatures (others)
  3 demonic plants (D:7)
  10 plants
13 creatures vanquished.

Grand Total: 185 creatures vanquished

Notes
Turn   | Place    | Note
-------+----------+-------------------------------------------
     0 | D:1      | runemasterragnar the Draconian Transmuter began the quest
                  | for the Orb.
     0 | D:1      | Reached XP level 1. HP: 16/16 MP: 3/3
   352 | D:1      | Reached XP level 2. HP: 15/23 MP: 1/5
  1083 | D:2      | Identified the +1 cloak of the Howling Gods {-Cast rPois
                  | rCorr}
  1118 | D:2      | Learned a level 2 spell: Wereblood
  1251 | D:2      | Reached XP level 3. HP: 29/29 MP: 4/6
  1307 | D:2      | Reached XP level 4. HP: 13/36 MP: 7/7
  2092 | D:3      | Learned a level 3 spell: Spider Form
  2095 | D:3      | Learned a level 2 spell: Blink
  2135 | D:3      | Found a transporter.
  2138 | D:3      | Noticed drugrobin's ghost (weakling DgFi)
  2139 | D:3      | Found a transporter.
  2229 | D:3      | Found a white marble altar of Elyvilon.
  2233 | D:3      | Found an opulent altar of Gozag.
  2234 | D:3      | Found a radiant altar of Vehumet.
  2236 | D:3      | Found a burning altar of Makhleb.
  2236 | D:3      | Found a bloodstained altar of Trog.
  2237 | D:3      | Found a hide-covered altar of Uskayaw.
  2239 | D:3      | Became a worshipper of Vehumet
  2244 | D:3      | Found a blossoming altar of Fedhas.
  2812 | D:3      | Found a runed translucent door.
  2812 | D:3      | Noticed a human
  2816 | D:3      | Found a basalt altar of Yredelemnul.
  2926 | D:4      | Noticed Eustachio
  2950 | D:4      | Killed Eustachio
  2951 | D:4      | Reached skill level 1 in Translocations
  2951 | D:4      | Reached XP level 5. HP: 23/42 MP: 5/9
  3153 | D:4      | Noticed Pargi
  3159 | D:4      | Reached XP level 6. HP: 48/50 MP: 5/10
  3171 | D:4      | Killed Pargi
  3593 | D:4      | Found an ancient bone altar of Kikubaaqudgha.
  3730 | D:4      | Found a runed translucent door.
  3731 | D:4      | Noticed Crazy Yiuf
  3965 | D:5      | Entered Level 5 of the Dungeon
  3980 | D:5      | Your scales start taking on a rich purple colour.
  3980 | D:5      | Reached XP level 7. HP: 45/57 MP: 6/13
  4182 | D:5      | Reached * piety under Vehumet
  4182 | D:5      | Offered knowledge of Shock by Vehumet.
  4325 | D:5      | Found a glowing drain.
  4332 | Sewer    | Entered a sewer
  4429 | Sewer    | Learned a level 1 spell: Shock
  4983 | Sewer    | Reached ** piety under Vehumet
  5110 | Sewer    | Reached XP level 8. HP: 56/66 MP: 12/14
  5214 | Sewer    | Offered knowledge of Poisonous Vapours by Vehumet.
  5693 | D:5      | Found a staircase to the Ecumenical Temple.
  5827 | D:5      | Reached skill level 5 in Unarmed Combat
  5827 | D:5      | Reached skill level 5 in Spellcasting
  5827 | D:5      | Reached skill level 5 in Translocations
  5939 | D:5      | Learned a level 7 spell: Storm Form
  5976 | D:5      | Found a broken altar of Ashenzari.
  6060 | D:5      | Found an iron altar of Okawaru.
  6836 | D:6      | Reached skill level 1 in Air Magic
  6905 | D:6      | Reached skill level 5 in Fighting
  6905 | D:6      | Reached XP level 9. HP: 52/74 MP: 8/17
  7140 | D:7      | Reached skill level 5 in Transmutations
  7149 | D:7      | Offered knowledge of Frozen Ramparts by Vehumet.
  7302 | D:7      | Reached *** piety under Vehumet
  7977 | D:7      | Reached skill level 5 in Dodging
  8162 | D:8      | Noticed an eight-headed hydra
  8205 | D:6      | Noticed Sigmund
  8220 | D:6      | Killed Sigmund
  8728 | D:8      | Offered knowledge of Inner Flame by Vehumet.
  8763 | D:8      | HP: 3/75 [centaur/arrow (3)]
  8768 | D:8      | HP: 3/75 [centaur/arrow (8)]
  8769 | D:8      | Shot with an arrow by a centaur

Illustrated notes

Levels and vault maps discovered:
D:1:      dpeg_arrival_three_bigger_balls, layout_basic,
          dreamdust_mushroom_princess, corexii_hall_statues_i
D:2:      layout_basic
D:3:      layout_loops_ring, dk_yredelemnul_ordeal,
          nicolae_overflow_hallway_of_the_gods, gammafunk_ghost_mausoleum,
          minmay_between
D:4:      layout_cave_pools, nicolae_kikubaaqudgha_miasma_corner,
          serial_bayou_crossing, uniq_crazy_yiuf_cottage, uniq_pargi,
          uniq_eustachio
D:5:      layout_cave_pools, okawaru_ov_weapons_minmay,
          nicolae_ashenzari_skybound, minmay_temple_entry_glassed_door,
          gup_sewer_entry_bubbles
D:6:      layout_basic, serial_bayou, serial_bayou_pond_d, serial_bayou_shore_b,
          serial_bayou_lake_a, serial_bayou_ford_a, serial_bayou_pond_d,
          serial_bayou_pond_d, dk_noncrumbling_4, uniq_sigmund
D:7:      layout_gridville, serial_demonic, serial_demonic_f, serial_demonic_b,
          serial_demonic_g, serial_demonic_g, serial_demonic_d,
          serial_demonic_g, serial_demonic_f, serial_demonic_b
D:8:      layout_cave_pools, solitary_fountain, uniq_pikel

Skill      XL: |  1  2  3  4  5  6  7  8  9 |
---------------+----------------------------+-----
Dodging        | 2 3 4 5 |  5.4
Fighting       | 2 3 4 5 6 |  6.1
Translocations | 1 2 4 5 |  5.0
Transmutations | 3 4 5 |  5.8
Spellcasting   | 3 4 5 6 |  6.6
Unarmed Combat | 4 5 6 |  6.3
Air Magic      | 1 3 |  3.4

Action                   |  1- 3 |  4- 6 |  7- 9 || total
-------------------------+-------+-------+-------++-------
Melee: Unarmed           |    84 |   107 |   419 ||   610
       Kick              |    10 |     9 |    23 ||    42
       Tailslap          |     5 |     3 |    14 ||    22
       Headbutt          |     2 |     8 |    26 ||    36
       Punch             |     1 |       |     6 ||     7
 Cast: Beastly Appendage |    12 |    16 |    17 ||    45
       Wereblood         |     2 |    16 |     3 ||    21
       Spider Form       |       |     6 |    32 ||    38
       Shock             |       |       |     2 ||     2
       Blink             |       |       |     1 ||     1
 Abil: Breathe Dispellin |       |       |     5 ||     5
  Use: Potion            |     1 |     1 |    12 ||    14
       Scroll            |       |     7 |     2 ||     9
 Stab: Invisible         |       |     4 |       ||     4
       Sleeping          |       |       |     2 ||     2
Armor: Skin              |    64 |    17 |   120 ||   201
Dodge: Dodged            |    50 |   104 |   368 ||   522

Table legend: (Time is in decaauts)
 A = Elapsed time spent in this place.
 B = Non-inter-level travel time spent in this place.
 C = Inter-level travel time spent in this place.
 D = Time resting spent in this place.
 E = Time spent auto-exploring this place.
 F = Levels seen in this place.
 G = Mean time per level.
                   A        B        C        D        E       F      G
               +--------+--------+--------+--------+--------+-----+--------+
         Total |   8920 |   8700 |    220 |    423 |   6422 |   9 |  991.1 |
       Dungeon |   7535 |   7315 |    220 |    415 |   5358 |   8 |  941.9 |
         Sewer |   1385 |   1385 |      0 |      8 |   1064 |   1 | 1385.0 |
               +--------+--------+--------+--------+--------+-----+--------+

Top non-repeatable levels by time:
   Sewer: 1385 daAuts
     D:2: 1239 daAuts
     D:6: 1097 daAuts
     D:7: 1092 daAuts
     D:5: 1078 daAuts
     D:4: 1043 daAuts
     D:3: 842 daAuts
     D:1: 833 daAuts
     D:8: 308 daAuts
